 Dungeon Crawl Stone Soup version 0.30-a0-1008-g30c9307041 (webtiles) character file.

Game seed: 15722273529849530668

123 juan097 the Magician (level 5, -5/35 HPs)
             Began as a Djinni Fire Elementalist on Apr 5, 2023.
             Was a Follower of Makhleb.
             Killed from afar by Ijyb (26 damage)
             ... with an iceblast
             ... on level 3 of the Dungeon.
             The game lasted 00:11:02 (2146 turns).

juan097 the Magician (Djinni Fire Elementalist)     Turns: 2146, Time: 00:11:02

Health: -5/35      AC:  2    Str:  7    XL:     5   Next: 28%
Gold:   163        EV: 13    Int: 18    God:    Makhleb [*.....] SH:  0 Dex: 14

rFire   + + .      SeeInvis .    a - +2 spear (venom)
rCold   x . .      Faith    .    (no shield)
rNeg    . . .      Spirit   .    c - +0 robe
rPois   ∞          Reflect  .    (no helmet)
rElec   .          Rampage  .    (no cloak)
rCorr   .                        (no gloves)
Will    .....                    (boots unavailable)
Stlth   ++                       (no amulet)
HPRegen 0.25/turn                (no ring)
MPRegen 0.00/turn                (no ring)

@: flying
A: sickness immunity, fire resistance 2, cold vulnerability 1, float, innate
caster, HP casting, extra vitality 1
a: Renounce Religion


You were on level 3 of the Dungeon.
You worshipped Makhleb.
Makhleb was aware of your devotion.
You visited 1 branch of the dungeon, and saw 3 of its levels.

You collected 163 gold pieces.

Inventory:

Hand Weapons
 a - a +2 spear of venom (weapon)
 b - a +2 sling of electrocution
Armour
 c - a +0 robe (worn)
 i - a +0 ring mail
Wands
 h - a wand of iceblast (6)
Scrolls
 e - a scroll of vulnerability {unknown}
 f - a scroll of fog {unknown}
 j - a scroll of amnesia {unknown}
 l - a scroll of enchant weapon {unknown}
Potions
 d - a potion of might {unknown}
 g - 3 potions of invisibility {unknown}
 k - a potion of curing {unknown}


   Skills:
 + Level 3.3 Dodging
 + Level 2.5 Stealth
 * Level 3.5 Spellcasting


You knew the following spells:

 Your Spells              Type           Power      Damage    Failure   Level
a - Foxfire               Conj/Fire      60%        2x1d7     3%          1
b - Scorch                Fire           30%        2d6       5%          2
c - Volatile Blastmotes   Fire/Tloc      30%        2d12      11%         3
d - Inner Flame           Hex/Fire       15%        N/A       11%         3
e - Flame Wave            Conj/Fire      15%        2d7       36%         4
f - Necrotise             Necr           60%        1d7       3%          1
g - Passwall              Tmut/Erth      12%        N/A       5%          2
Your spell library was empty.

Dungeon Overview and Level Annotations

Branches:
Dungeon (3/15)

Altars:
Makhleb

Shops:
D:1 [   D:2 *

Annotations:
D:3 Ijyb


Innate Abilities, Weirdness & Mutations

You are immune to sickness and miasma.
You are immune to poison.
Your flesh is very heat resistant. (rF++)
You are vulnerable to cold. (rC-)
You float through the air rather than walking.
You learn spells naturally, not from books.
Your magical power is your life essence.
You have superior vitality. (+4 MHP)


Message History

Ijyb's fire resistance burns away.
The orc barely misses you. The orc misses you.
An orc comes into view. It is wielding a +0 dagger.
Casting: Scorch (safe; 5% risk of failure)
Confirm with . or Enter, or press ? or * to list all spells.
Flames lash the orc.
You kill the orc!
Makhleb accepts your kill.
You feel better. The orc completely misses you.
Casting: Scorch (safe; 5% risk of failure)
Confirm with . or Enter, or press ? or * to list all spells.
Flames lash the orc.
The orc is almost dead.
The orc's fire resistance burns away.
Ijyb is no longer more vulnerable to fire.
The orc hits you with a +0 whip. The orc barely misses you.
Your +2 sling of electrocution stops crackling.
Your +2 spear of venom begins to drip with poison!
a - a +2 spear of venom (weapon)
You hit the orc.
The orc is poisoned.
The orc is heavily wounded.
You kill the orc!
Makhleb accepts your kill.
You hit the orc but do no damage.
The orc is poisoned.
The orc is severely wounded.
The orc hits you with a +0 short sword.
Okay, then.
You barely miss the orc.
The orc is severely wounded.
The orc is no longer more vulnerable to fire.
The orc hits you with a +0 short sword.
Ijyb zaps a wand.
The mass of ice explodes!
The iceblast engulfs the orc!
The orc dies!
The iceblast engulfs the orc!
The orc dies!
The iceblast engulfs Ijyb!
The iceblast engulfs you!!
You feel a painful chill!
Ouch! That really hurt!
You die...

# ### ##.....## #.##.##
##.......## .#...##
#.........### ....g
+.........'.. ...
#.........### #####.##.##
##.......## #....?..)g#
##...).## #.###.###)#
##...## #.# #.###@# ##'##
#.# #.....# #†# #.#
####..# #.# #.# #..#
##.##
#.######..#######...##
#..............#.....##
########.#....<..........
#.......###.######
###.....# ###


You could see Ijyb.

Vanquished Creatures
  An adder (D:3)
  4 gnolls (D:2)
  4 worms
  A dart slug (D:2)
  2 orcs (D:3)
  5 ball pythons
  An endoplasm (D:2)
  2 giant cockroaches (D:1)
  5 hobgoblins
  10 jackals
  2 kobolds
  4 quokkas
  4 bats
  4 frilled lizards
  4 goblins (D:1)
  4 rats
57 creatures vanquished.

Vanquished Creatures (collateral kills)
  A kobold (D:1)
1 creature vanquished.

Vanquished Creatures (others)
  2 orcs (D:3)
  52 foxfires
54 creatures vanquished.

Grand Total: 112 creatures vanquished

Notes
Turn   | Place    | Note
-------+----------+-------------------------------------------
     0 | D:1      | juan097 the Djinni Fire Elementalist began the quest for
                  | the Orb.
     0 | D:1      | juan097 set off with the following spells memorised:
                  | Foxfire, Scorch, Volatile Blastmotes, Inner Flame, Flame
                  | Wave.
     0 | D:1      | Reached XP level 1. HP: 15/15 MP: 0/0
    20 | D:1      | Found Inammef's Antique Armour Boutique.
    97 | D:1      | You are sucked into a shaft and drop 1 floor!
   124 | D:2      | Reached XP level 2. HP: 19/21 MP: 0/0
   402 | D:1      | Reached XP level 3. HP: 10/25 MP: 0/0
   402 | D:1      | Learned a level 1 spell: Necrotise
   671 | D:1      | Found a faded altar of an unknown god.
  1278 | D:2      | Found Toitoi Yczitt's General Store.
  1373 | D:1      | Prayed at the altar of an unknown god.
  1373 | D:1      | Became a worshipper of Makhleb the Destroyer
  1373 | D:1      | Reached * piety under Makhleb
  1409 | D:2      | Reached XP level 4. HP: 28/31 MP: 0/0
  1699 | D:2      | Reached XP level 5. HP: 33/35 MP: 0/0
  1699 | D:2      | Learned a level 2 spell: Passwall
  2134 | D:3      | Noticed Ijyb
  2146 | D:3      | Killed from afar by Ijyb

Illustrated notes

Levels and vault maps discovered:
D:1:      zelgadis_glass_arrival_small, layout_basic,
          nicolae_ecumenical_snake_handling, serial_shops, shop,
          minmay_misc_feat_cross
D:2:      layout_rooms, serial_shops, shop, grunt_decor_resistance,
          corexii_corridor_pit
D:3:      layout_loops_corners, portal_sewer_entry_d, minmay_pentomino_pile,
          uniq_ijyb

Skill      XL: |  1  2  3  4 |
---------------+-------------+-----
Stealth        | 2 |  2.5
Spellcasting   | 3 |  3.5
Dodging        | 3 |  3.3

Action                     |  1- 3 |  4- 6 || total
---------------------------+-------+-------++-------
  Melee: Unarmed           |     7 |       ||     7
         Spear             |       |    13 ||    13
   Fire: Sling             |    15 |    12 ||    27
   Cast: Foxfire           |    27 |     7 ||    34
         Scorch            |    20 |    14 ||    34
         Inner Flame       |     1 |       ||     1
         Necrotise         |     1 |       ||     1
 Armour: Robe              |     6 |     2 ||     8
  Dodge: Dodged            |    20 |    24 ||    44

Table legend: (Time is in decaauts)
 A = Elapsed time spent in this place.
 B = Non-inter-level travel time spent in this place.
 C = Inter-level travel time spent in this place.
 D = Time resting spent in this place.
 E = Time spent auto-exploring this place.
 F = Levels seen in this place.
 G = Mean time per level.
                   A        B        C        D        E       F      G
               +--------+--------+--------+--------+--------+-----+--------+
         Total |   2152 |   1988 |    164 |      0 |   1460 |   3 |  717.3 |
       Dungeon |   2152 |   1988 |    164 |      0 |   1460 |   3 |  717.3 |
               +--------+--------+--------+--------+--------+-----+--------+

Top non-repeatable levels by time:
     D:1: 1051 daAuts
     D:2: 954 daAuts
     D:3: 146 daAuts
